 Dungeon Crawl Stone Soup version 0.27.1-1-g398f81649c (webtiles) character file.

Game seed: 1681049771217073505

861 Gwenloh the Covert (level 7, 0/36 HPs)
             Began as a Spriggan Brigand on Sept 9, 2021.
             Was a Follower of Zin.
             Slain by a kobold brigand (8 damage)
             ... in a sewer.
             The game lasted 00:16:03 (4916 turns).

Gwenloh the Covert (Spriggan Brigand)               Turns: 4916, Time: 00:16:04

Health: 0/36       AC:  4    Str:  7    XL:     7   Next: 71%
Magic:  10/10      EV: 19    Int: 13    God:    Zin [*.....]
Gold:   121        SH:  0    Dex: 18    Spells: 6/6 levels left

rFire    . . .     SeeInvis +   a - +2 dagger
rCold    . . .     Faith    .   (shield restricted)
rNeg     + . .     Spirit   .   w - +0 robe
rPois    .         Reflect  .   (helmet restricted)
rElec    .         Harm     .   h - +1 cloak
rCorr    .         Rampage  .   (gloves unavailable)
Will     +....                  (boots unavailable)
Stlth    ++++......             p - amulet of regeneration
HPRegen  1.12/turn              j - ring of positive energy
MPRegen  0.12/turn              (no ring)

@: lethally poisoned (0 -> -1), slowed, quick
A: very small, no large weapons, unfitting armour, see invisible, speed 3
a: Renounce Religion, Recite, Donate Gold


You were in a sewer.
You worshipped Zin.
Zin was aware of your devotion.
You visited 2 branches of the dungeon, and saw 6 of its levels.
You also visited: Sewer.

You collected 134 gold pieces.
You donated 13 gold pieces to Zin.

Inventory:

Hand Weapons
 a - a +2 dagger (weapon)
 b - a +0 hunting sling
 D - a +0 rapier
Missiles
 d - 27 poisoned darts
 e - 2 curare-tipped darts
 n - 46 arrows
 x - 87 stones
 y - 17 sling bullets
 A - 11 boomerangs
Armour
 c - a +0 cloak
 h - a +1 cloak (worn)
 w - a +0 robe (worn)
Jewellery
 j - a ring of positive energy (left hand)
 p - an amulet of regeneration (around neck)
Wands
 C - a wand of acid (4) (quivered)
Scrolls
 f - 2 scrolls of immolation {unknown}
 g - a scroll of fog {unknown}
 i - 2 scrolls of identify {unknown}
 m - a scroll of enchant weapon {unknown}
 r - 3 scrolls of teleportation {unknown}
 s - a scroll of holy word {unknown}
 u - a scroll of vulnerability {unknown}
 v - a scroll of noise {unknown}
 B - a scroll of torment {unknown}
 F - a scroll of blinking {unknown}
Potions
 k - a potion of mutation {unknown}
 l - a potion of lignification {unknown}
 o - a potion of heal wounds {unknown}
 q - 3 potions of flight {unknown}
 t - 2 potions of degeneration {unknown}
 z - a potion of berserk rage {unknown}
 E - a potion of haste {unknown}
 G - 2 potions of invisibility {unknown}
 H - 2 potions of magic {unknown}
 I - a potion of might {unknown}


   Skills:
 + Level 3.2 Fighting
 * Level 4.9 Short Blades
 - Level 2.0 Throwing
 + Level 4.6 Dodging
 * Level 9.6 Stealth
 * Level 3.0 Invocations


You had 6 spell levels left.
You didn't know any spells.
Your spell library contained the following spells:

 Spells                   Type           Power      Damage    Failure   Level
 Passwall                 Tmut/Erth      0%         N/A       43%         2
 Static Discharge         Conj/Air       0%         N/A       43%         2
 Swiftness                Air            0%         N/A       67%         3
 Dispel Undead            Necr           0%         3d6       97%         4
 Sticky Flame             Conj/Fire      0%         2d3       97%         4
 Invisibility             Hex            0%         N/A       100%        6


Dungeon Overview and Level Annotations

Branches:
Dungeon (5/15)             Temple (1/1) D:4           Sewer (1/1)

Altars:
Ashenzari
Cheibriados
Dithmenos
Fedhas
Gozag
Hepliaklqana
Kikubaaqudgha
Makhleb
Nemelex Xobeh
Qazlal
Sif Muna
Trog
Wu Jian
Xom
Zin
The Shining One


Innate Abilities, Weirdness & Mutations

You are very small and have problems with some larger weapons.
You are too small for most types of armour.
You have supernaturally acute eyesight. (SInv)
You cover ground extremely quickly. (Speed+++)


Message History

The curare-tipped dart closely misses you.
Throw: 11 boomerangs
Press: ? - help, Q - select action, (/) - cycle Shift-Dir - straight line, f - kobold brigand
Aim: a kobold brigand, wielding a +0 dagger and quivering poisoned darts (heavily wounded, 56% to hit)
You throw a boomerang.
The boomerang hits the kobold brigand but does no damage.
The kobold brigand is heavily wounded.
You feel sick.
You feel sick.
You feel sick.
The kobold brigand throws a poisoned dart.
The poisoned dart misses you.
Aiming: Corrosive Bolt
Press: ? - help, Q - select action, (/) - cycle Shift-Dir - straight line, f/p - kobold brigand
Aim: a kobold brigand, wielding a +0 dagger and quivering poisoned darts (heavily wounded, 64% to hit)
The bolt of acid hits the kobold brigand!
The kobold brigand is splashed with acid.
The acid corrodes the kobold brigand!
The kobold brigand is heavily wounded.
The bolt of acid hits the kobold brigand!
The kobold brigand is splashed with acid.
The acid corrodes the kobold brigand!
You kill the kobold brigand!
The bolt of acid hits the kobold!
The kobold is splashed with acid.
The acid corrodes the kobold!
You kill the kobold!
You feel sick.
The kobold brigand throws a curare-tipped dart.
The curare-tipped dart hits you.
You are more poisoned.
You have difficulty breathing.
You feel yourself slow down.
Your Invocations skill increases to level 3!
You feel sick.
The kobold brigand hits you with a +0 club.
* * * LOW HITPOINT WARNING * * *
You hit the kobold brigand.
The kobold brigand is severely wounded.
You feel sick. The kobold misses you.
The kobold brigand hits you with a +0 club!
You die...

#### # ## ## #### ######..#
.#?!# .### ##..###
##......)#....!#
...####....†###.@......'....#
†.........††....KK))...#....!#
#.......##...........≈≈# .#!!#
........####......##≈≈≈# # #
.........##....≈≈##≈≈≈≈≈#
≈...†††...≈≈≈≈≈≈≈≈≈≈≈≈≈#≈#
≈≈÷≈≈≈≈≈≈≈≈≈≈≈≈≈≈≈≈≈≈≈≈≈#≈#
≈≈≈≈≈≈≈≈≈≈≈≈≈≈≈≈≈≈≈≈≈≈≈#≈#≈#
≈≈≈≈≈÷≈≈≈≈≈≈≈≈≈≈≈≈≈≈≈≈≈≈#≈#≈


You could see a kobold brigand (corroded) and a kobold.

Vanquished Creatures
  A water moccasin (D:5)
  An ogre (D:5)
  A kobold brigand (Sewer)
  A wyvern zombie (D:5)
  3 scorpions
  A water moccasin zombie (D:5)
  A hound (D:4)
  A bullfrog skeleton (D:4)
  2 orc wizards
  A hound skeleton (D:5)
  6 adders
  2 river rats (Sewer)
  An ufetubus (D:4)
  2 dart slugs
  11 orcs
  7 endoplasms
  5 giant cockroaches
  8 hobgoblins
  2 quokkas
  10 ball pythons
  3 bats (D:1)
  3 frilled lizards
  6 goblins
  15 kobolds
  32 rats
126 creatures vanquished.

Notes
Turn   | Place    | Note
-------+----------+-------------------------------------------
     0 | D:1      | Gwenloh the Spriggan Brigand began the quest for the Orb.
     0 | D:1      | Reached XP level 1. HP: 10/10 MP: 2/2
   104 | D:1      | Reached skill level 6 in Stealth
   429 | D:1      | Reached XP level 2. HP: 15/15 MP: 3/3
  1070 | D:1      | Reached XP level 3. HP: 18/18 MP: 4/4
  1191 | D:2      | Found a blossoming altar of Fedhas.
  2247 | D:4      | Reached skill level 7 in Stealth
  2247 | D:4      | Reached XP level 4. HP: 20/23 MP: 5/5
  2425 | D:4      | Noticed a scorpion
  2432 | D:4      | Killed a scorpion
  2433 | D:4      | Reached XP level 5. HP: 27/27 MP: 6/6
  2554 | D:4      | Reached skill level 8 in Stealth
  2775 | D:4      | Found a staircase to the Ecumenical Temple.
  2856 | Temple   | Entered the Ecumenical Temple
  3050 | Temple   | Became a worshipper of Zin the Law-Giver
  3050 | Temple   | Reached * piety under Zin
  3495 | D:5      | Entered Level 5 of the Dungeon
  3520 | D:5      | Reached XP level 6. HP: 32/32 MP: 7/7
  3767 | D:5      | Reached skill level 1 in Invocations
  4074 | D:5      | Reached XP level 7. HP: 35/35 MP: 9/9
  4091 | D:5      | Reached skill level 9 in Stealth
  4186 | D:5      | Noticed a steam dragon
  4187 | D:5      | Noticed a steam dragon
  4403 | D:5      | Found a glowing drain.
  4435 | Sewer    | Entered a sewer
  4916 | Sewer    | Slain by a kobold brigand

Illustrated notes

Levels and vault maps discovered:
D:1:      saegor_arrival_simple_b, layout_loops_ring, minmay_pentomino_t2
D:2:      layout_rooms, basic_altar
D:3:      cheibrodos_helix_gallery, layout_basic
D:4:      layout_cave_pods, minmay_temple_entry_gardened_gates, minmay_cupped
D:5:      kennysheep_steamy, layout_layer_cave, cheibrodos_sewer_entry_drain
Temple:   regret_index_temple_generic_petals
Sewer:    sewer_minmay_treatment

Skill      XL: |  1  2  3  4  5  6  7 |
---------------+----------------------+-----
Stealth        | 6 7 8 9 |  9.6
Dodging        | 2 3 4 |  4.6
Fighting       | 2 3 |  3.2
Short Blades   | 3 4 |  4.9
Invocations    | 1 3 |  3.0
Throwing       | |  2.0

Action                   |  1- 3 |  4- 6 |  7- 9 || total
-------------------------+-------+-------+-------++-------
Melee: Dagger            |   134 |   143 |   147 ||   424
 Fire: Hunting sling     |       |     3 |       ||     3
Throw: Dart              |     8 |    10 |     5 ||    23
       Boomerang         |       |       |    27 ||    27
Invok: Recite            |       |     1 |       ||     1
Evoke: Wand              |       |     3 |     2 ||     5
 Stab: Sleeping          |    22 |    13 |     4 ||    39
       Distracted        |     1 |       |       ||     1
       Confused          |       |     1 |       ||     1
Armor: Robe              |    11 |    20 |    15 ||    46
Dodge: Dodged            |    69 |    77 |   110 ||   256
